 Dungeon Crawl Stone Soup version 0.30-a0-137-gd8773701ce (webtiles) character file.

Game seed: 2474111212954937430

107 jlumianski the Chopper (level 4, -2/27 HPs)
             Began as a Gargoyle Gladiator on Sept 22, 2022.
             Slain by an ogre
             ... wielding a +0 giant club
              (23 damage)
             ... on level 4 of the Dungeon.
             The game lasted 00:07:11 (2172 turns).

jlumianski the Chopper (Gargoyle Gladiator)         Turns: 2172, Time: 00:07:11

Health: -2/27      AC: 14    Str: 19    XL:     4   Next: 86%
Magic:  4/4        EV: 11    Int:  9    God:
Gold:   78         SH:  0    Dex: 11    Spells: 3/3 levels left

rFire   . . .      SeeInvis .    a - +0 war axe (vamp)
rCold   . . .      Faith    .    (no shield)
rNeg    + . .      Spirit   .    s - +0 ring mail
rPois   ∞          Reflect  .    c - +0 helmet
rElec   +          Harm     .    (no cloak)
rCorr   .          Rampage  .    v - +0 pair of gloves
Will    .....                    m - +2 pair of boots
Stlth   +.........               j - amulet of the acrobat
HPRegen 0.09/turn                (no ring)
MPRegen 0.09/turn                (no ring)

@: no status effects
A: sickness immunity, AC +3, negative energy resistance 1, electricity
resistance, torment resistance 1, petrification resistance
a: no special abilities


You were on level 4 of the Dungeon.
You visited 1 branch of the dungeon, and saw 4 of its levels.

You collected 78 gold pieces.

Inventory:

Hand Weapons
 a - a +0 vampiric war axe (weapon)
 q - a +2 mace of draining
Missiles
 d - 3 throwing nets (quivered)
Armour
 b - a +0 leather armour
 c - a +0 helmet (worn)
 m - a +2 pair of boots (worn)
 s - a +0 ring mail (worn)
 v - a +0 pair of gloves (worn)
Jewellery
 j - an amulet of the acrobat (around neck)
 n - an amulet of magic regeneration
 u - an amulet of faith
Scrolls
 p - a scroll of brand weapon
Potions
 f - 2 potions of lignification {unknown}
 g - 2 potions of curing {unknown}
 i - 2 potions of brilliance {unknown}
 l - a potion of cancellation
 o - a potion of berserk rage
 t - a potion of magic


   Skills:
 + Level 2.5 Fighting
 + Level 4.1 Axes
 + Level 1.8 Throwing
 + Level 1.3 Armour
 + Level 3.0 Dodging


You had 3 spell levels left.
You didn't know any spells.
Your spell library contained the following spells:

 Spells                   Type           Power      Damage    Failure   Level
 Ensorcelled Hibernation  Hex/Ice        0%         N/A       71%         2
 Passwall                 Tmut/Erth      0%         N/A       71%         2
 Swiftness                Air            0%         N/A       91%         3


Dungeon Overview and Level Annotations

Branches:
Dungeon (4/15)
 Temple: D:4-7

Altars:

Annotations:
D:2 Sigmund


Innate Abilities, Weirdness & Mutations

You are immune to sickness and miasma.
Your stone body is resilient. (AC +3)
You are immune to poison.
You resist negative energy. (rN+)
You are resistant to electric shocks. (rElec)
You are resistant to unholy torment.
You are immune to petrification.


Message History

The orc wizard attacks as you move away!
The orc wizard hits you but does no damage.
The orc wizard casts a spell at you.
The magic dart hits you but does no damage.
You slash the orc!
You kill the orc!
Your Dodging skill increases to level 3!
You slash the orc wizard!
You feel better.
You kill the orc wizard!
Your Axes skill increases to level 4!
You bump into the rock wall.
You feel less confused.
Things that are here:
a +0 short sword; an orc corpse
Things that are here:
a +0 dagger; a +0 robe
Things that are here:
a +0 war axe; a +0 ring mail; an orc corpse
There is a stone staircase leading down here.
You climb downwards.
The ogre shouts!
Found a falchion.
Found an escape hatch in the ceiling.
There is a stone staircase leading up here.
Unknown command.
Throw: javelin
Press: ? - help, Q - select action, (/) - cycle Shift-Dir - straight line, f - ogre
Aim: an ogre, wielding a +0 giant club (72% to hit)
You throw a javelin. The javelin pierces through the ogre.
The ogre is lightly wounded.
You hit the ogre.
You feel better.
The ogre is moderately wounded.
The ogre barely misses you.
You hit the ogre.
The ogre is moderately wounded.
The ogre closely misses you.
You hit the ogre.
The ogre is heavily wounded.
The ogre hits you with a +0 giant club!!
Ouch! That really hurt!
You die...

# (. #
###.######.#
...........####
#...O@<).....
############.


You could see an ogre.

Vanquished Creatures
  An orc wizard (D:3)
  3 adders (D:2)
  2 dart slugs (D:1)
  2 orcs (D:3)
  4 endoplasms
  3 giant cockroaches (D:1)
  6 goblins
  3 hobgoblins (D:1)
  4 kobolds
  3 quokkas
  5 ball pythons
  5 bats
  5 frilled lizards
  3 rats
49 creatures vanquished.

Vanquished Creatures (others)
  5 plants (D:3)
5 creatures vanquished.

Grand Total: 54 creatures vanquished

Notes
Turn   | Place    | Note
-------+----------+-------------------------------------------
     0 | D:1      | jlumianski the Gargoyle Gladiator began the quest for the
                  | Orb.
     0 | D:1      | Reached XP level 1. HP: 12/12 MP: 1/1
    34 | D:1      | Reached skill level 3 in Axes
   159 | D:1      | Reached XP level 2. HP: 17/17 MP: 2/2
   208 | D:1      | Found a faded altar of an unknown god.
   735 | D:2      | Reached XP level 3. HP: 20/21 MP: 3/3
   906 | D:2      | Noticed Sigmund
  1181 | D:2      | Reached skill level 1 in Armour
  1339 | D:2      | Reached XP level 4. HP: 27/27 MP: 4/4
  2151 | D:3      | Reached skill level 4 in Axes
  2165 | D:4      | Noticed an ogre
  2172 | D:4      | Slain by an ogre

Illustrated notes

Levels and vault maps discovered:
D:1:      tarquinn_simple_flora_water_f, layout_basic,
          shapermc_ecumenical_altar_venn
D:2:      layout_loops_cross, uniq_sigmund
D:3:      layout_loops_cross, serial_bayou_pond_c
D:4:      layout_loops_ring, lemuel_crystal_altar, uniq_edmund

Skill      XL: |  1  2  3  4 |
---------------+-------------+-----
Axes           | 3 4 |  4.1
Armour         | 1 |  1.3
Dodging        | 3 |  3.0
Fighting       | |  2.5
Throwing       | |  1.8

Action                   |  1- 3 |  4- 6 || total
-------------------------+-------+-------++-------
Melee: War axe           |   104 |    58 ||   162
Throw: Javelin           |       |     1 ||     1
  Use: Scroll            |       |     6 ||     6
Armor: Leather armour    |    69 |     3 ||    72
       Ring mail         |       |    24 ||    24
Dodge: Dodged            |    65 |    44 ||   109

Table legend: (Time is in decaauts)
 A = Elapsed time spent in this place.
 B = Non-inter-level travel time spent in this place.
 C = Inter-level travel time spent in this place.
 D = Time resting spent in this place.
 E = Time spent auto-exploring this place.
 F = Levels seen in this place.
 G = Mean time per level.
                   A        B        C        D        E       F      G
               +--------+--------+--------+--------+--------+-----+--------+
         Total |   2227 |   2199 |     28 |    386 |   1126 |   4 |  556.8 |
       Dungeon |   2227 |   2199 |     28 |    386 |   1126 |   4 |  556.8 |
               +--------+--------+--------+--------+--------+-----+--------+

Top non-repeatable levels by time:
     D:1: 1121 daAuts
     D:2: 972 daAuts
     D:3: 124 daAuts
     D:4: 9 daAuts
